 Dungeon Crawl Stone Soup version 0.21-a0-264-g3e31e41 (console) character file.

83 wup the Ruffian (level 4, -11/38 HPs)
             Began as a Draconian Transmuter on Sept 9, 2017.
             Was a Follower of Uskayaw.
             Mangled by rin1221's ghost (16 damage)
             ... on level 3 of the Dungeon.
             The game lasted 00:06:59 (2130 turns).

wup the Ruffian (Draconian Transmuter)              Turns: 2130, Time: 00:07:00

Health: -11/38     AC:  5    Str: 13    XL:     4   Next: 22%
Magic:  7/7        EV: 12    Int: 13    God:    Uskayaw [*.....]
Gold:   110        SH:  0    Dex: 12    Spells: 6/7 levels left

rFire    . . .     SeeInvis .     - Unarmed
rCold    . . .     Gourm    .   (no shield)
rNeg     . . .     Faith    .   (armour unavailable)
rPois    .         Spirit   .   (helmet restricted)
rElec    .         Reflect  .   (no cloak)
rCorr    .         Harm     .   (no gloves)
MR       .....                  (no boots)
Stlth    +.........             (no amulet)
HPRegen  0.12/turn              (no ring)
MPRegen  0.10/turn              (no ring)

@: appendage (expiring)
A: unfitting armour, horns 2, cold-blooded, AC +5
a: End Transformation, Stomp, Renounce Religion


You were on level 3 of the Dungeon.
You worshipped Uskayaw.
Uskayaw was noncommittal.
You were hungry.
You had grown temporary horns.
You visited 1 branch of the dungeon, and saw 3 of its levels.

You collected 110 gold pieces.

Inventory:

Missiles
 a - 12 arrows
Scrolls
 d - 2 scrolls of blinking {unknown}
 e - 2 scrolls of identify {unknown}
 f - a scroll of immolation {unknown}
 g - a scroll of magic mapping {unknown}
 h - a scroll of recharging {unknown}
 j - a scroll of fear {unknown}
 m - a scroll of fog {unknown}
Potions
 l - 2 potions of mutation {unknown}
Books
 b - a book of Changes

   Spells                             Type                      Level
   a - Beastly Appendage              Transmutation                1
   b - Sticks to Snakes               Transmutation                2
   c - Spider Form                    Transmutation/Poison         3
   d - Ice Form                       Ice/Transmutation            4
   e - Blade Hands                    Transmutation                5
Comestibles
 c - a bread ration
 k - a meat ration


   Skills:
 - Level 3.0 Fighting
 - Level 2.0 Dodging
 + Level 3.5 Unarmed Combat
 - Level 2.0 Spellcasting
 - Level 3.0 Transmutations


You had 6 spell levels left.
You knew the following spells:

 Your Spells              Type           Power        Failure   Level  Hunger
a - Beastly Appendage     Tmut           #.....       8%          1    ##.....


Dungeon Overview and Level Annotations

Branches:
Dungeon (3/15)

Altars:
Dithmenos
Kikubaaqudgha
Trog
Uskayaw
Xom

Annotations:
D:2 Terence
D:3 rin1221's ghost, weakling MiFi


Innate Abilities, Weirdness & Mutations

Your plain brown scales are hard. (AC +5)
You cannot fit into any form of body armour.
You are cold-blooded and may be slowed by cold attacks.
You have a pair of horns on your head.


Message History

Rin1221's ghost is moderately damaged.
Rin1221's ghost closely misses you.
You hit rin1221's ghost but do no damage.
Your headbutt misses rin1221's ghost.
Rin1221's ghost is moderately damaged.
Rin1221's ghost closely misses you.
You hit rin1221's ghost but do no damage.
Rin1221's ghost is moderately damaged.
Rin1221's ghost hits you.
You hit rin1221's ghost. Your headbutt misses rin1221's ghost.
Rin1221's ghost is moderately damaged.
Rin1221's ghost hits you.
You hit rin1221's ghost but do no damage.
Rin1221's ghost is moderately damaged.
Your transformation is almost over.
Rin1221's ghost hits you!
* * * LOW HITPOINT WARNING * * *
You can't go down here!
Rin1221's ghost hits you!
You die...
P

..# P ♣♣.# #...........
. ♣♣..#####..........#
. ♣..#. ...........#
.♣♣.... #.........#
...##.# ##........##
.$.##.# #.......$..#
......#### #..........#
.##W.....# #....@.....#
####.###.###...W......#
..........#...........#
..♣.♣.♣.♣.♣.♣........##
(....................#
..♣.♣.♣.♣#♣.♣.........#
......................#
......................#
#####.#..............


You could see rin1221's ghost.

Vanquished Creatures
  2 adders (D:2)
  2 worms
  2 dart slugs
  2 leopard geckos
  3 orcs
  3 giant cockroaches
  8 goblins
  3 hobgoblins
  3 jackals (D:1)
  A quokka (D:3)
  A ball python (D:2)
  3 bats
  3 frilled lizards (D:1)
  7 kobolds
  9 rats
52 creatures vanquished.

Notes
Turn   | Place    | Note
-------+----------+-------------------------------------------
     0 | D:1      | wup the Draconian Transmuter began the quest for the Orb.
     0 | D:1      | Reached XP level 1. HP: 16/16 MP: 3/3
   119 | D:1      | Reached XP level 2. HP: 22/24 MP: 3/5
   674 | D:1      | Reached XP level 3. HP: 31/31 MP: 4/6
   960 | D:3      | Found a shadowy altar of Dithmenos.
  1254 | D:2      | Found an ancient bone altar of Kikubaaqudgha.
  1254 | D:2      | Found a shimmering altar of Xom.
  1467 | D:2      | Noticed Terence
  1480 | D:3      | Found a bloodstained altar of Trog.
  1617 | D:3      | Noticed rin1221's ghost (weakling MiFi)
  1647 | D:2      | Reached XP level 4. HP: 26/38 MP: 7/7
  1888 | D:2      | Found a hide-covered altar of Uskayaw.
  1893 | D:2      | Became a worshipper of Uskayaw the Reveler
  1912 | D:2      | Reached * piety under Uskayaw
  2130 | D:3      | Mangled by rin1221's ghost

Vault maps used:
D:1:      wheals_arrival_linesprint, st_stairs_10, minmay_pentomino_s2
D:2:      lemuel_upstairs_altar, grunt_temple_overflow_open,
          kennysheep_generic_room_15, uniq_crazy_yiuf_cottage, uniq_terence
D:3:      lemuel_crystal_altar, first_bread, serial_forest,
          infiniplex_forest_lined_3, infiniplex_forest_clump_long,
          infiniplex_forest_clump_diagonal, infiniplex_forest_clump_tiny,
          infiniplex_forest_lined_3, infiniplex_forest_corner_1,
          infiniplex_forest_diagonal, infiniplex_forest_corner_2,
          chequers_ecumenical_altar_island, grunt_dithmenos_smoke_and_mirrors,
          uniq_jessica

Skill      XL: |  1  2  3 |
---------------+----------+-----
Fighting       | 2 3 |  3.0
Dodging        | 2 |  2.0
Transmutations | 3 |  3.0
Unarmed Combat | |  3.5
Spellcasting   | |  2.0

Action                   |  1- 3 |  4- 6 || total
-------------------------+-------+-------++-------
Melee: Unarmed           |   152 |    24 ||   176
       Headbutt          |    15 |     5 ||    20
       Tailslap          |    15 |       ||    15
       Kick              |    14 |       ||    14
       Punch             |     1 |       ||     1
 Cast: Beastly Appendage |    34 |     2 ||    36
 Stab: Sleeping          |     1 |       ||     1
  Eat: Chunk             |     3 |     1 ||     4
Armor: Skin              |    31 |     4 ||    35
Dodge: Dodged            |    89 |    12 ||   101

Table legend:
 A = Spawn XP
 B = Non-spawn XP
 C = Spawn XP percentage of total XP
 D = Spawn monster count
 E = Non-spawn monster count
 F = Spawn count percentage of total count
 G = Total turns spent on level
                    A         B        C        D         E        F      G
               +---------+---------+-------+---------+---------+-------+---------
         Total |       0 |     119 |   0.0 |       0 |      52 |   0.0 |  2130
               +---------+---------+-------+---------+---------+-------+---------
           D:1 |       0 |      49 |   0.0 |       0 |      31 |   0.0 |   917
           D:2 |       0 |      51 |   0.0 |       0 |      13 |   0.0 |  1046
           D:3 |       0 |      19 |   0.0 |       0 |       8 |   0.0 |   167
               +---------+---------+-------+---------+---------+-------+---------
